 Dungeon Crawl Stone Soup version 0.30.0-17-ge0270778cf (webtiles) character file.

Game seed: 9622046734282069495

2407 EnegeticOcto the Cleaver (level 9, 0/79 HPs)
             Began as a Minotaur Transmuter on May 21, 2023.
             Was a Follower of Qazlal.
             Slain by a thrashing horror (7 damage)
             ... on level 1 of the Abyss.
             The game lasted 00:07:36 (6243 turns).

EnegeticOcto the Cleaver (Minotaur Transmuter)      Turns: 6243, Time: 00:07:36

Health: 0/79       AC: 21    Str: 20    XL:     9   Next: 23%
Magic:  0/19       EV:  7    Int: 10    God:    Qazlal [*.....]
Gold:   483        SH:  0    Dex: 19    Spells: 9/10 levels left

rFire   . . .        o - +5 hand axe "Cimnuef" {drain, rCorr Dex+3}
rCold   . . .        (no shield)
rNeg    . . .        q - +0 plate armour
rPois   .            (helmet restricted)
rElec   .            n - +2 cloak
rCorr   +            b - +2 pair of gloves
SInv    .            g - +2 pair of boots
Will    .....        y - amulet of guardian spirit Stlth
                     c - +6 ring of dexterity
HPRegen 0.33/turn    t - ring of magical power
MPRegen 0.16/turn

%: guardian spirit
@: confused
A: horns 2, retaliatory headbutt
a: Renounce Religion


You were on level 1 of the Abyss.
You worshipped Qazlal.
Qazlal was aware of your devotion.
You visited 2 branches of the dungeon, and saw 9 of its levels.
You visited the Abyss 1 time.

You collected 483 gold pieces.

Inventory:

Hand Weapons
 f - a +0 trident
   (You found it on level 1 of the Dungeon)
 k - a +3 sling
   (You found it on level 1 of the Dungeon)
 o - the +5 hand axe "Cimnuef" (weapon) {drain, rCorr Dex+3}
   (You found it on level 2 of the Dungeon)

   Dex:       It affects your dexterity (+3).
   rCorr:     It protects you from acid and corrosion.
Missiles
 i - 7 javelins (quivered)
Armour
 b - a +2 pair of gloves (worn)
   (You found it on level 5 of the Dungeon)
 g - a +2 pair of boots (worn)
   (You found it on level 3 of the Dungeon)
 n - a +2 cloak (worn)
   (You found it on level 3 of the Dungeon)
 q - a +0 plate armour (worn)
   (You found it on level 2 of the Dungeon)
Jewellery
 c - a +6 ring of dexterity (left hand)
   (You found it on level 1 of the Dungeon)
 t - a ring of magical power (right hand)
   (You found it on level 3 of the Dungeon)
 v - a ring of fire
   (You found it on level 4 of the Dungeon)
 y - an amulet of guardian spirit (around neck)
   (You found it on level 6 of the Dungeon)
 A - a ring of poison resistance
   (You found it on level 6 of the Dungeon)
Wands
 B - a wand of charming (14)
   (You found it on level 6 of the Dungeon)
 D - a wand of flame (10) {@v4}
   (You found it on level 7 of the Dungeon)
 F - a wand of digging (7) {@v3}
   (You found it on level 7 of the Dungeon)
Scrolls
 e - 2 scrolls of fog {!r}
 h - 4 scrolls of teleportation {@r3 !r}
 j - a scroll of vulnerability
 p - 2 scrolls of enchant armour
 r - a scroll of immolation
 u - a scroll of enchant weapon
 x - a scroll of torment
 C - a scroll of magic mapping {@r5 !r}
Potions
 a - a potion of ambrosia
 m - 2 potions of attraction
 s - a potion of magic {unknown}
 w - a potion of cancellation {unknown}
 G - a potion of brilliance {unknown}


   Skills:
 + Level 7.0 Fighting
 * Level 12.0 Axes
 + Level 4.6 Armour
 - Level 2.1 Dodging
 - Level 3.2 Unarmed Combat
 - Level 1.3 Spellcasting
 - Level 1.5 Transmutations


You had 9 spell levels left.
You knew the following spells:

 Your Spells              Type           Power      Damage    Failure   Level
a - Beastly Appendage     Tmut           6%         N/A       99%         1

Your spell library contained the following spells:

 Spells                   Type           Power      Damage    Failure   Level
 Foxfire                  Conj/Fire      0%         2x1d4     100%        1
 Necrotise                Necr           0%         1d4       100%        1
 Shock                    Conj/Air       0%         1d3       100%        1
 Blink                    Tloc           0%         N/A       100%        2
 Lesser Beckoning         Tloc           0%         N/A       100%        2
 Momentum Strike          Conj/Tloc      0%         3d8       100%        2
 Wereblood                Tmut           3%         N/A       100%        2
 Dazzling Flash           Conj/Hex       0%         N/A       100%        3
 Spider Form              Tmut/Pois      2%         N/A       100%        3
 Swiftness                Air            0%         N/A       100%        3
 Vampiric Draining        Necr           0%         2d6       100%        3
 Volatile Blastmotes      Fire/Tloc      0%         2d10      100%        3
 Airstrike                Air            0%         2d(0-16)  100%        4
 Ice Form                 Ice/Tmut       2%         N/A       100%        4
 Iskenderun's Mystic Bla  Conj/Tloc      0%         2d3       100%        4
 Agony                    Necr           0%         N/A       100%        5
 Fireball                 Conj/Fire      0%         3d3       100%        5
 Plasma Beam              Fire/Air       0%         2x1d11    100%        6
 Starburst                Conj/Fire      0%         6d3       100%        6


Dungeon Overview and Level Annotations

Branches:
Dungeon (8/15) Zot: 26888  Temple (1/1) D:6 Zot: 5859
   Lair: D:8-11

Altars:
Ashenzari
Cheibriados
Dithmenos
Elyvilon
Fedhas
Gozag
Hepliaklqana
Kikubaaqudgha
Makhleb
Nemelex Xobeh
Okawaru
Qazlal
Ru
Sif Muna
Trog
Uskayaw
Vehumet
Wu Jian
Xom
Yredelemnul
Zin
The Shining One

Annotations:
D:8 Psyche


Innate Abilities, Weirdness & Mutations

You have a pair of horns on your head.
You reflexively headbutt those who attack you in melee.


Message History

You miss the golden eye.
You hit the large abomination but do no damage.
The golden eye blinks at you.
You are more confused.
You completely miss the golden eye. Your headbutt misses the golden eye.
You hit the large abomination but do no damage.
The large abomination hits you but does no damage.
The golden eye blinks at you.
You are more confused.
You closely miss the golden eye.
You hit the large abomination but do no damage.
The golden eye blinks at you. You resist with almost no effort.
You bump into the rock wall.
The large abomination hits you! The golden eye blinks at you.
You resist with almost no effort.
You bump into the stone wall.
The large abomination completely misses you.
You completely miss the golden eye. Your headbutt misses the golden eye.
You hit the large abomination but do no damage.
You closely miss the golden eye. You barely miss the large abomination.
The golden eye blinks at you.
You are more confused.
The large abomination hits you!
You bump into the rock wall.
The golden eye blinks at you.
You are more confused.
The large abomination hits you!
You closely miss the golden eye. Your headbutt misses the golden eye.
You barely miss the large abomination.
You bump into the stone wall.
The large abomination hits you!! The large abomination hits you!!
* * * LOW HITPOINT WARNING * * *
The golden eye blinks at you.
You are more confused.
Really quaff
d - 3 potions of curing {@q1 !q}?
You feel better. The golden eye blinks at you.
You are confused.
The large abomination hits you!
* * * LOW HITPOINT WARNING * * *
Really quaff
z - a potion of heal wounds {@q2 !q}?
You feel much better.
A thrashing horror comes into view.
The large abomination hits you!
Really quaff
d - 2 potions of curing {@q1 !q}?
You feel better.
The thrashing horror roars!
The golden eye blinks at you.
You are confused.
You hit the large abomination but do no damage.
You hit the golden eye.
The large abomination hits you but does no damage.
The golden eye blinks at you.
You are more confused.
You bump into the stone wall.
The golden eye blinks at you. You resist with almost no effort.
The large abomination hits you!!
* * * LOW HITPOINT WARNING * * *
Okay, then.
Really quaff
d - a potion of curing {@q1 !q}?
You feel better. The golden eye blinks at you.
You are confused.
The large abomination closely misses you.
The golden eye blinks at you.
You are more confused.
The golden eye blinks at you.
You are more confused.
An iron imp comes into view.
The iron imp shouts!
The golden eye blinks at you.
You are more confused.
The iron imp laughs crazily.
The thrashing horror tramples you.
* * * LOW HITPOINT WARNING * * *
You are shoved backwards!
The golden eye blinks at you.
You are more confused.
The thrashing horror tramples you but does no damage.
The thrashing horror tramples you.
* * * LOW HITPOINT WARNING * * *
You hold your ground!
You hit the thrashing horror but do no damage.
The thrashing horror tramples you but does no damage. x2
You completely miss the thrashing horror.
The thrashing horror tramples you.
* * * LOW HITPOINT WARNING * * *
You hold your ground!
The thrashing horror tramples you but does no damage.
The thrashing horror tramples you.
* * * LOW HITPOINT WARNING * * *
You hold your ground!
The thrashing horror barely misses you. The large abomination hits you.
* * * LOW HITPOINT WARNING * * *
Unknown command.
You completely miss the golden eye.
The golden eye is lightly wounded.
You closely miss the large abomination. The thrashing horror tramples you!
You die...

###..#.#.#
.#.....#.# .
#........#.#
#.# #.
...#....
..#.##..#..
...##5.###
#.#.....#
#..GX.#
##.X@.#
.###### ##.#
... .#.#.
#... #. .
..# .. #. #.
# # #


You could see a thrashing horror, a large abomination, an iron imp and a golden
eye.

Vanquished Creatures
  A water moccasin (D:6)
  An ice beast (D:7)
  A small abomination (Abyss:1)
  A sky beast (D:6)
  An ogre (D:5)
  3 black bears
  3 centaurs (D:7)
  A phantom (D:5)
  A kobold brigand (D:6)
  2 bullfrogs (D:6)
  A scorpion (D:5)
  A gnoll sergeant (D:5)
  4 howler monkeys
  4 hounds
  3 orc priests
  4 iguanas
  2 iron imps (Abyss:1)
  A sleepcap (D:6)
  Jessica (D:2)
  A gnoll bouda (D:5)
  3 orc wizards
  9 adders
  8 gnolls (D:5)
  3 shadow imps
  3 white imps
  3 worms (D:2)
  5 dart slugs
  31 orcs
  3 bats
  8 endoplasms
  4 giant cockroaches
  7 hobgoblins
  10 jackals
  13 kobolds
  4 quokkas
  5 ball pythons
  5 frilled lizards
  8 goblins
  20 rats
189 creatures vanquished.

Notes
Turn   | Place    | Note
-------+----------+-------------------------------------------
     0 | D:1      | EnegeticOcto the Minotaur Transmuter began the quest for
                  | the Orb.
     0 | D:1      | Reached XP level 1. HP: 16/16 MP: 1/1
    78 | D:1      | Reached skill level 2 in Fighting
    85 | D:1      | Reached XP level 2. HP: 22/25 MP: 3/3
   114 | D:1      | Reached skill level 3 in Fighting
   436 | D:1      | Reached XP level 3. HP: 31/33 MP: 4/4
   870 | D:2      | Reached skill level 4 in Fighting
   887 | D:2      | Noticed Jessica
   896 | D:2      | Killed Jessica
   897 | D:2      | Reached XP level 4. HP: 14/41 MP: 5/5
   899 | D:2      | Reached skill level 5 in Fighting
  1122 | D:2      | Identified the +5 hand axe "Cimnuef" {drain, rCorr Dex+3}
  1180 | D:2      | Reached skill level 1 in Axes
  1592 | D:3      | Reached skill level 2 in Axes
  1671 | D:3      | Reached XP level 5. HP: 48/48 MP: 6/6
  1931 | D:3      | Reached skill level 3 in Axes
  2594 | D:4      | Reached skill level 4 in Axes
  3011 | D:5      | Entered Level 5 of the Dungeon
  3115 | D:5      | Reached skill level 5 in Axes
  3115 | D:5      | Reached XP level 6. HP: 38/56 MP: 7/7
  3235 | D:5      | Reached skill level 6 in Axes
  3307 | D:5      | Found a hide-covered altar of Uskayaw.
  3317 | D:5      | Found a shadowy altar of Dithmenos.
  3425 | D:5      | Reached skill level 7 in Axes
  3425 | D:5      | Reached XP level 7. HP: 61/61 MP: 8/8
  3688 | D:5      | Reached skill level 8 in Axes
  3923 | D:5      | Reached skill level 9 in Axes
  4151 | D:6      | Identified the staff of cold "Dotucit" {rF- rC+ Int+6}
  4171 | D:6      | Found a staircase to the Ecumenical Temple.
  4238 | Temple   | Entered the Ecumenical Temple
  4341 | Temple   | Became a worshipper of Qazlal Stormbringer
  4469 | D:6      | Reached skill level 10 in Axes
  4469 | D:6      | Reached XP level 8. HP: 57/68 MP: 9/9
  4538 | D:6      | Reached skill level 1 in Armour
  4587 | D:6      | Reached skill level 2 in Armour
  4595 | D:6      | Found a shimmering blue altar of Sif Muna.
  4598 | D:6      | Found a radiant altar of Vehumet.
  5286 | D:7      | Reached skill level 6 in Fighting
  5286 | D:7      | Reached skill level 11 in Axes
  5286 | D:7      | Reached skill level 3 in Armour
  5352 | D:7      | Reached * piety under Qazlal
  5370 | D:7      | Reached XP level 9. HP: 41/78 MP: 10/10
  5379 | D:7      | Reached skill level 4 in Armour
  6000 | D:8      | Noticed Psyche
  6015 | Abyss:1  | Cast into level 1 of the Abyss (Psyche)
  6135 | Abyss:1  | Reached skill level 7 in Fighting
  6135 | Abyss:1  | Reached skill level 12 in Axes
  6231 | Abyss:1  | Noticed a thrashing horror
  6243 | Abyss:1  | Slain by a thrashing horror

Illustrated notes

Levels and vault maps discovered:
D:1:      nzn_arrival_settlement, layout_basic
D:2:      layout_basic, minmay_pentomino_w4, uniq_jessica
D:3:      layout_loops_corners
D:4:      layout_basic, minmay_rat_hole
D:5:      layout_loops_ring, nicolae_overflow_hidden_temple
D:6:      layout_cave_pods, nicolae_overflow_squiral, temple_pool_b,
          kennysheep_nondescript
D:7:      layout_basic
D:8:      layout_gridville, uniq_prince_ribbit1, uniq_psyche
Temple:   mainiacjoe_temple_bowtie_tessellation
Abyss:1:  base:
D:5

Skill      XL: |  1  2  3  4  5  6  7  8  9 |
---------------+----------------------------+-----
Fighting       | 2 3 4 5 6 7 |  7.0
Axes           | 2 5 7 10 11 12 | 12.0
Armour         | 3 4 |  4.6
Dodging        | |  2.1
Unarmed Combat | |  3.2
Spellcasting   | |  1.3
Transmutations | |  1.5

Action                     |  1- 3 |  4- 6 |  7- 9 || total
---------------------------+-------+-------+-------++-------
  Melee: Trident           |    47 |       |       ||    47
         Headbutt          |     6 |    27 |    36 ||    69
         Hand axe          |       |   145 |   182 ||   327
         Punch             |       |     2 |     2 ||     4
   Fire: Sling             |    16 |    11 |       ||    27
  Throw: Javelin           |       |       |     9 ||     9
    Use: Scroll            |       |     8 |    12 ||    20
         Potion            |       |     1 |     6 ||     7
   Stab: Sleeping          |     2 |       |       ||     2
 Armour: Robe              |     6 |       |       ||     6
         Plate armour      |       |    74 |   142 ||   216
         Ring mail         |       |     1 |       ||     1
         Skin              |       |       |     2 ||     2
  Dodge: Dodged            |    29 |    28 |    46 ||   103
  Block: Other             |       |       |     3 ||     3
